 Dungeon Crawl Stone Soup version 0.26.1-11-gd32895ea62 (webtiles) character file.

Game seed: 16486035470167811499

195 Descartes the Skirmisher (level 5, 0/27 HPs)
             Began as a Felid Wanderer on July 18, 2021.
             Slain by a goblin
             ... wielding a +0 club
             ... led by Robin
              (5 damage)
             ... on level 4 of the Dungeon.
             The game lasted 00:08:03 (4226 turns).

Descartes the Skirmisher (Felid Wanderer)           Turns: 4226, Time: 00:08:03

Health: 0/27       AC:  1    Str: 11    XL:     5   Next: 45%
Magic:  6/6        EV: 20    Int: 15    God:
Gold:   85         SH:  0    Dex: 18    Spells: 4/4 levels left
                                        Lives:  0   Deaths: 1

rFire    . . .     SeeInvis +     - Unarmed
rCold    . . .     Faith    .   (shield unavailable)
rNeg     . . .     Spirit   .   (armour unavailable)
rPois    .         Reflect  .   (helmet unavailable)
rElec    .         Harm     .   (cloak unavailable)
rCorr    .         Rampage  .   (gloves unavailable)
Will     .....                  (boots unavailable)
Stlth    ++++......             o - amulet of the acrobat
HPRegen  0.09/turn              j - +6 ring of dexterity
MPRegen  0.10/turn              g - ring of wizardry (curse)

@: about to teleport, quick
A: very small, no armour, no weapons or thrown items, stealth, claws 1, fangs 3,
see invisible, speed 1, shaggy fur 1, sharp paws
a: no special abilities


You were on level 4 of the Dungeon.
You visited 1 branch of the dungeon, and saw 4 of its levels.

You collected 85 gold pieces.

Inventory:

Missiles
 f - 92 stones
Jewellery
 e - an uncursed ring of magical power
 g - a cursed ring of wizardry (right paw)
 j - a +6 ring of dexterity (left paw)
 o - an amulet of the acrobat (around neck)
 t - a +6 ring of intelligence
Wands
 i - a wand of enslavement (9)
Scrolls
 b - a scroll of fear
 d - 6 scrolls of teleportation
 h - a scroll of immolation
 s - a scroll of amnesia
Potions
 a - a potion of heal wounds
 c - 3 potions of curing
 l - 2 potions of attraction
 n - 3 potions of flight {unknown}
 p - a potion of lignification {unknown}
 r - a potion of haste {unknown}


   Skills:
 - Level 6.0 Fighting
 + Level 4.2 Dodging
 + Level 5.5 Stealth
 + Level 3.8 Unarmed Combat


You had 4 spell levels left.
You didn't know any spells.
Your spell library was empty.

Dungeon Overview and Level Annotations

Branches:
Dungeon (4/15)
 Temple: D:4-7

Altars:
Kikubaaqudgha
Nemelex Xobeh
Qazlal
Sif Muna
Trog

Annotations:
D:2 Sigmund; Terence
D:3 3 runed translucent doors, kalagan's ghost, amateur DECj
D:4 Robin


Innate Abilities, Weirdness & Mutations

You cannot wear armour.
You are incapable of wielding weapons or throwing items.
Your paws allow you to move quietly. (Stealth)
You have sharp claws.
You have razor-sharp teeth.
You have supernaturally acute eyesight. (SInv)
You cover ground quickly.
You are covered in fur. (AC +1)
Your sharp claws are effective at attacking unaware monsters.


Message History

You scratch the goblin.
You kill the goblin!
The quokka misses you. The goblin completely misses you.
The hobgoblin barely misses you. The quokka closely misses you.
The goblin completely misses you.
You closely miss the hobgoblin.
The giant cockroach waves its antennae.
The goblin barely misses you. Robin throws the goblin at you!
The quokka barely misses you. The hobgoblin misses you. The hobgoblin hits you.
You barely miss the hobgoblin. The goblin hits you with a +0 dagger.
The goblin completely misses you. x2; The quokka bites you.
The hobgoblin hits you.
* * * LOW HITPOINT WARNING * * *
The hobgoblin closely misses you.
You are too injured to fight recklessly!
As you read the scroll of teleportation, it crumbles to dust.
You feel strangely unstable. The goblin closely misses you.
The goblin misses you. The quokka closely misses you.
The goblin hits you with a +0 club.
You die...

#..... #.......########
#.....
#...............###.....
+.................+.....
#................##.....
#................##.....
#.....Bg.........##.....
#.....ggr...............
#....gg@g....###.#......
.....g##g†...# #.#.#####
##### #.....# #.#.# ###
#.....# #.#.# #..
#..#.....###.#.# #.#
#..........##.#.###.#
#..........##.#.#....
#..........#....#.###
#..........#..###.#


You could see Robin, a quokka, a giant cockroach, 3 hobgoblins and 4 goblins.

Vanquished Creatures
  A hound (D:4)
  An orc priest (D:3)
  Jessica (D:2)
  A worker ant (D:4)
  5 adders
  An ooze (D:1)
  A worm (D:3)
  4 leopard geckos
  9 orcs (D:3)
  6 bats
  3 giant cockroaches
  6 hobgoblins
  2 jackals (D:3)
  A quokka (D:4)
  A ball python (D:4)
  6 frilled lizards
  9 goblins
  6 kobolds
  6 rats
70 creatures vanquished.

Notes
Turn   | Place    | Note
-------+----------+-------------------------------------------
     0 | D:1      | Descartes the Felid Wanderer began the quest for the Orb.
     0 | D:1      | Descartes set off with the following items: a potion of
                  | heal wounds, a scroll of fear, a potion of curing, a scroll
                  | of teleportation
     0 | D:1      | Reached XP level 1. HP: 13/13 MP: 2/2
   212 | D:1      | Reached skill level 1 in Dodging
   213 | D:1      | Reached XP level 2. HP: 15/16 MP: 3/3
  1017 | D:2      | Noticed Jessica
  1328 | D:2      | Found a sparkling altar of Nemelex Xobeh.
  1372 | D:2      | You fall into a shaft and drop 1 floor!
  1394 | D:3      | Reached XP level 3. HP: 20/20 MP: 4/4
  1785 | D:2      | Killed Jessica
  1786 | D:2      | Reached XP level 4. HP: 20/24 MP: 5/5
  1865 | D:2      | Noticed Sigmund
  1878 | D:2      | Killed from afar by Sigmund
  1879 | D:2      | Reached XP level 3. HP: -4/20 MP: 13/13
  2637 | D:3      | Found an ancient bone altar of Kikubaaqudgha.
  2651 | D:3      | Found a runed translucent gate.
  2651 | D:3      | Found a runed translucent gate.
  2651 | D:3      | Found a runed translucent gate.
  2651 | D:3      | Noticed kalagan's ghost (amateur DECj)
  2762 | D:3      | Found a bloodstained altar of Trog.
  2860 | D:3      | HP: 1/20 [orc priest (2)]
  2863 | D:3      | Reached XP level 4. HP: 24/24 MP: 5/5
  3103 | D:2      | Noticed Terence
  3359 | D:3      | Reached skill level 5 in Stealth
  3567 | D:3      | Found a stormy altar of Qazlal.
  3831 | D:3      | Gained mutation: You are frail. (-10% HP) [potion of
                  | mutation]
  3831 | D:3      | Lost mutation: You are frail. (-10% HP) [potion of
                  | mutation]
  3868 | D:3      | Found a shimmering blue altar of Sif Muna.
  4149 | D:4      | Reached XP level 5. HP: 27/27 MP: 6/6
  4216 | D:4      | Noticed Robin
  4226 | D:4      | Slain by a goblin

Illustrated notes

Levels and vault maps discovered:
D:1:      zaba_arrival_water, layout_rooms
D:2:      layout_basic, lemuel_round_altar, uniq_terence, uniq_sigmund,
          uniq_jessica
D:3:      layout_basic, nicolae_qazlal_general_emergency, led_sif_book,
          overflow_temple_1_default, marbit_many_paths,
          ebering_ghost_rock_garden
D:4:      minmay_evil_eye, layout_basic, uniq_robin, uniq_pikel

Skill      XL: |  1  2  3  4  5 |
---------------+----------------+-----
Stealth        | 3 4 5 |  5.5
Dodging        | 1 2 3 4 |  4.2
Unarmed Combat | 3 |  3.8
Fighting       | |  6.0

Action                   |  1- 3 |  4- 6 || total
-------------------------+-------+-------++-------
Melee: Unarmed           |   125 |    82 ||   207
       Bite              |     8 |     5 ||    13
       Punch             |     2 |     3 ||     5
  Use: Scroll            |     1 |     6 ||     7
       Potion            |     1 |     1 ||     2
 Stab: Sleeping          |    11 |     5 ||    16
Armor: Skin              |     8 |     2 ||    10
Dodge: Dodged            |    87 |    76 ||   163
